 Dungeon Crawl Stone Soup version 0.16-a0-3280-g3a29b53 (webtiles) character file.

39 Kemay the Insei (level 3, -6/23 HPs)
             Began as an Octopode Transmuter on Dec 24, 2014.
             Mangled by a gnoll
             ... wielding a +0 spear
              (9 damage)
             ... on level 2 of the Dungeon.
             The game lasted 00:03:41 (1074 turns).

Kemay the Insei (Octopode Transmuter)               Turns: 1074, Time: 00:03:41

Health: -6/23      AC:  1    Str:  9    XL:     3   Next: 45%
Magic:  6/6        EV: 12    Int: 16    God:
Gold:   108        SH:  0    Dex: 12    Spells: 1 memorised, 5 levels left

rFire  . . .     SeeInvis .     i - +3 dagger (venom)
rCold  . . .     Clarity  .     (no shield)
rNeg   . . .     SustAb   .     (helmet restricted)
rPois  .         Gourm    .     (no amulet)
rElec  .         Spirit   .     (no ring)
rCorr  .         Warding  .     (no ring)
rMut   .         Stasis   .     (no ring)
MR     .....                    (no ring)
Stlth  ++........               (no ring)
                                (no ring)
                                (no ring)
                                (no ring)

@: appendage (expiring), not resistant to hostile enchantments, unstealthy
A: almost no armour, amphibious, 8 rings, constrict 8, tentacle spike 3,
camouflage 1, gelatinous body 1
a: End Transformation


You were on level 2 of the Dungeon.
You were hungry.
One of your tentacles had a temporary spike.
You visited 1 branch of the dungeon, and saw 2 of its levels.

You collected 108 gold pieces.

Inventory:

Hand weapons
 i - a +3 dagger of venom (weapon)
Missiles
 b - 12 arrows
Magical devices
 k - a wand of random effects (11)
Potions
 e - a potion of lignification
 f - 3 potions of curing
 j - a potion of flight {unknown}
Books
 d - a book of Changes

   Spells                             Type                      Level
   a - Beastly Appendage              Transmutation                1
   b - Sticks to Snakes               Transmutation                2
   c - Spider Form                    Transmutation/Poison         3
   d - Ice Form                       Ice/Transmutation            4
   e - Blade Hands                    Transmutation                5
Comestibles
 a - 3 bread rations
 c - a slice of pizza
 g - 2 chunks of flesh
 h - 2 meat rations


   Skills:
 - Level 1.0 Fighting
 - Level 2.0 Dodging
 + Level 3.6 Unarmed Combat
 - Level 2.0 Spellcasting
 * Level 3.1 Transmutations


You had 5 spell levels left.
You knew the following spells:

 Your Spells              Type           Power        Failure   Level  Hunger
a - Beastly Appendage     Trmt           ##....       8%          1    #......


Dungeon Overview and Level Annotations

Branches:
Dungeon (2/15)

Altars:
Qazlal


Innate Abilities, Weirdness & Mutations

You cannot wear most types of armour.
You are amphibious.
You can wear up to eight rings at the same time.
You can use your tentacles to constrict many enemies at once.
Your skin changes colour to match your surroundings (Stealth).
Your rubbery body absorbs attacks (AC +1).
One of your tentacles bears a large vicious spike.


Message History

The rock shatters into small pieces.
Evoking this partially-identified wand wasted a few charges.
The gnoll misses you.
Evoke which item? (* to show all) (? for menu, Esc to quit)
Zapping:
k - a wand of random effects {zapped: 10} (will waste charges)
Press: ? - help, Shift-Dir - straight line, f/p - gnoll
Aim: a gnoll, wielding a spear and wearing a buckler (fast)
The gnoll flickers and vanishes!
Deactivating autopickup; reactivate with Ctrl-A.
Evoking this partially-identified wand wasted a few charges.
Your transformation is almost over.
Something hits you. Something hits you!
You see here a spear.
Something hits you.
Your magical contamination has completely faded away.
Something hits you.
* * * LOW HITPOINT WARNING * * *
You see here 23 stones.
Something hits you!
You die...

#....................#....
#.........##...(..########
##............###..# #
##......##.#...##.# #
######....###.##.#### #
##..####.......###
#..(......#.#...##
#..###)........... #@##
#(.#.....#### #<.#
##..###..# #.## ##..###..
#. ##.# ##.. ## ..# ..
#... # ##.. . # # .


There were no monsters in sight!

Vanquished Creatures
  A gnoll (D:2)
  A giant gecko (D:2)
  2 giant cockroaches (D:2)
  A hobgoblin (D:2)
  4 jackals
  7 kobolds
  A bat (D:1)
  5 goblins
  4 rats
26 creatures vanquished.

Notes
Turn   | Place    | Note
--------------------------------------------------------------
     0 | D:1      | Kemay, the Octopode Transmuter, began the quest for the Orb.
     0 | D:1      | Reached XP level 1. HP: 13/13 MP: 3/3
   297 | D:1      | Reached XP level 2. HP: 16/18 MP: 4/4
   742 | D:2      | Found a stormy altar of Qazlal.
   804 | D:2      | Reached XP level 3. HP: 20/23 MP: 6/6
  1074 | D:2      | Mangled by a gnoll

Action                   || total
-------------------------++-------
Melee: Unarmed           ||    16
       Dagger            ||    29
 Cast: Beastly Appendage ||     5
Evoke: Wand              ||     6
  Use: Scroll            ||     5
       Potion            ||     1
 Stab: Sleeping          ||     2
